 Dungeon Crawl Stone Soup version 0.31.0-1-g2c135a0 (webtiles) character file.

Game seed: 4418271262100467717

58 Think the Sneak (level 4, 0/31 HPs)
             Began as an Octopode Fighter on Feb 23, 2024.
             Slain by a hobgoblin (2 damage)
             ... on level 3 of the Dungeon.
             The game lasted 00:02:32 (1659 turns).

Think the Sneak (Octopode Fighter)                  Turns: 1659, Time: 00:02:32

Health: 0/31       AC:  1    Str: 15    XL:     4   Next: 2%
Magic:  4/4        EV: 13    Int: 10    God:
Gold:   170        SH:  4    Dex: 13    Spells: 3/3 levels left

rFire   . . .        a - +0 long sword
rCold   . . .        b - +0 buckler
rNeg    . . .        (helmet restricted)
rPois   .            (no amulet)
rElec   .            d - ring of wizardry
rCorr   .            (no ring)
SInv    .            (no ring)
Will    .....        (no ring)
Stlth   +++          (no ring)
HPRegen 0.25/turn    (no ring)
MPRegen 0.09/turn    (no ring)
                     (no ring)

%: wizardry (x1)
@: no status effects
A: almost no armour, amphibious, 8 rings, camouflage 1, gelatinous body 1,
(nimble swimmer 1), tentacles
a: no special abilities


You were on level 3 of the Dungeon.
You visited 1 branch of the dungeon, and saw 3 of its levels.

You collected 170 gold pieces.

Inventory:

Hand Weapons
 a - a +0 long sword (weapon)
Missiles
 i - 6 datura-tipped darts (quivered)
 q - 2 atropa-tipped darts
Armour
 b - a +0 buckler (worn)
Jewellery
 d - a ring of wizardry (left tentacle)
 m - a ring of positive energy
Scrolls
 e - a scroll of butterflies {unknown}
 j - 4 scrolls of identify {unknown}
 k - 3 scrolls of teleportation {unknown}
 l - 2 scrolls of amnesia {unknown}
 n - a scroll of vulnerability {unknown}
 o - 3 scrolls of enchant armour {unknown}
 p - a scroll of noise {unknown}
Potions
 c - a potion of might
 f - a potion of attraction {unknown}
 g - a potion of ambrosia {unknown}
 h - a potion of enlightenment {unknown}
 r - a potion of haste {unknown}


   Skills:
 - Level 3.0 Fighting
 - Level 2.0 Long Blades
 + Level 1.2 Throwing
 + Level 3.5 Dodging
 * Level 3.7 Stealth
 - Level 3.0 Shields


You had 3 spell levels left.
You didn't know any spells.
Your spell library contained the following spells:

 Spells                   Type           Power      Damage    Failure   Level
 Ensorcelled Hibernation  Hex/Ice        0%         N/A       28%         2
 Passwall                 Erth           0%         N/A       50%         3
 Swiftness                Air            0%         N/A       50%         3


Dungeon Overview and Level Annotations

Branches:
Dungeon (3/15)

Altars:

Shops:
D:2 [


Innate Abilities, Weirdness & Mutations

You cannot wear most types of armour.
You are amphibious.
You can wear up to eight rings at the same time.
Your skin changes colour to match your surroundings (Stealth+).
Your rubbery body absorbs attacks. (AC +1, EV +1)
((You are camouflaged when in or above water. (Stealth+)))
You have tentacles for arms and can constrict up to eight enemies at once.


Message History

No target in view!
No target in view!
Things that are here:
a +0 short sword; 7 poisoned darts; a kobold corpse You now have 170 gold pieces (gained 12).
An orc and an orc priest come into view.
The orc shouts!
The orc priest moves out of view.
An orc is nearby!
An orc is nearby!
An orc comes into view. It is wielding a +0 trident.
The orc priest shouts!
You hit the orc but do no damage. You grab the orc.
You constrict the orc, but do no damage.
You block the orc's attack.
You slash the orc!
You kill the orc!
You have reached level 4!
Things that are here:
a +0 hand axe; a +0 chain mail A hobgoblin comes into view.
The hobgoblin shouts!
The orc priest shouts!
You hear an angry hiss.
A ball python comes into view.
The orc priest mumbles some strange prayers to Beogh against you.
Beogh smites you! The hobgoblin barely misses you.
The hobgoblin attacks as it pursues you!
You block the hobgoblin's attack.
The orc priest mumbles some strange prayers to Beogh against you.
Beogh smites you!
* * * LOW HITPOINT WARNING * * *
The orc shouts!
Okay, then.
Okay, then.
The hobgoblin attacks as it pursues you!
The hobgoblin hits you.
* * * LOW HITPOINT WARNING * * *
The hobgoblin attacks as it pursues you!
The hobgoblin hits you.
You die...

#################...####.
#.....##.......#....#...
#.....##.#####.#.#..##.#
##.....##.#####.#.#..##.# #
#...........)...........#+###.#
#......#...####.#...#..........
#.######†.......#..S...........
#.# #....#####..###.........
#.# #.#<....@g..# ##........
#.######.#.#######.# +........
#.#.)....#.........# #........
#.#.################ #....o...
#)#.#..............# #....o...
#.#.#.#............# #........
#.#...#...########## ######.#+
#.#.......# ##.........#


You could see a hobgoblin and a ball python.

Vanquished Creatures
  2 adders (D:2)
  A ribbon worm (D:2)
  3 dart slugs
  An orc (D:3)
  An endoplasm (D:2)
  A giant cockroach (D:3)
  A goblin (D:2)
  3 hobgoblins
  A quokka (D:2)
  5 ball pythons
  3 bats
  2 frilled lizards
  7 kobolds
  3 rats
34 creatures vanquished.

Notes
Turn   | Place    | Note
-------+----------+-------------------------------------------
     0 | D:1      | Think the Octopode Fighter began the quest for the Orb.
     0 | D:1      | Reached XP level 1. HP: 16/16 MP: 1/1
    56 | D:1      | Reached skill level 1 in Stealth
   336 | D:1      | Reached XP level 2. HP: 21/21 MP: 2/2
   676 | D:2      | Found Vuca Jys's Armour Shoppe.
   861 | D:2      | Found a faded altar of an unknown god.
   935 | D:2      | Reached XP level 3. HP: 26/26 MP: 3/3
  1038 | D:2      | Reached skill level 1 in Throwing
  1631 | D:3      | Reached XP level 4. HP: 31/31 MP: 4/4
  1655 | D:3      | HP: 1/31 [hobgoblin (5)]
  1659 | D:3      | Slain by a hobgoblin

Illustrated notes

Levels and vault maps discovered:
D:1:      minmay_arrival_solitary_statue, layout_basic
D:2:      minmay_inner_zag, layout_basic, serial_shops, shop_fountains,
          ebering_ecumenical_altar_box
D:3:      layout_basic, grunt_temple_overflow_open

Skill      XL: |  1  2  3 |
---------------+----------+-----
Stealth        | 1 3 |  3.7
Throwing       | 1 |  1.2
Fighting       | |  3.0
Long Blades    | |  2.0
Dodging        | |  3.5
Shields        | |  3.0

Action                     |  1- 3 |  4- 6 || total
---------------------------+-------+-------++-------
  Melee: Long sword        |    56 |       ||    56
         Tentacles         |     7 |       ||     7
         Constrict         |    12 |       ||    12
         Punch             |     1 |       ||     1
   Stab: Sleeping          |    11 |       ||    11
 Armour: Skin              |    20 |     2 ||    22
  Dodge: Dodged            |    20 |     1 ||    21
  Block: Buckler           |    17 |     1 ||    18
